 Dungeon Crawl Stone Soup version 0.24.0-123-gd5b16e6ec5 (webtiles) character file.

Game seed: 155487640919588566, levelgen mode: deterministic

406 sanka the Insei (level 6, -5/51 HPs)
             Began as a Draconian Monk on Feb 11, 2020.
             Was a Believer of Okawaru.
             Slain by Duvessa
             ... wielding a +1 rapier of protection
              (12 damage)
             ... on level 5 of the Dungeon.
             The game lasted 00:04:04 (3282 turns).

sanka the Insei (Draconian Monk)                    Turns: 3282, Time: 00:04:05

Health: -5/51      AC:  6    Str: 13    XL:     6   Next: 56%
Magic:  6/8        EV: 17    Int: 10    God:    Okawaru [**....]
Gold:   214        SH:  0    Dex: 16    Spells: 5/5 levels left

rFire    . . .     SeeInvis .     - Unarmed
rCold    . . .     Gourm    .   (no shield)
rNeg     . . .     Faith    .   (armour unavailable)
rPois    .         Spirit   .   (helmet restricted)
rElec    .         Reflect  .   (no cloak)
rCorr    .         Harm     .   (no gloves)
MR       .....                  (no boots)
Stlth    +++.......             (no amulet)
HPRegen  0.17/turn              (no ring)
MPRegen  0.11/turn              (no ring)

@: heroism
A: unfitting armour, cold-blooded, AC +6
a: Heroism, Renounce Religion


You were on level 5 of the Dungeon.
You worshipped Okawaru.
Okawaru was pleased with you.
You were not hungry.

You visited 1 branch of the dungeon, and saw 5 of its levels.

You collected 214 gold pieces.


Innate Abilities, Weirdness & Mutations

Your plain brown scales are hard. (AC +6)
You cannot fit into any form of body armour.
You are cold-blooded and may be slowed by cold attacks.


   Skills:
 - Level 3.2(8.2) Fighting
 - Level 2.6(7.6) Dodging
 - Level 1.7(6.7) Stealth
 + Level 6.5(11.5) Unarmed Combat
 + Level 3.6 Invocations


You had 5 spell levels left.
You didn't know any spells.
Your spell library was empty.

Inventory:

Missiles
 h - 42 poisoned darts (quivered)
Jewellery
 f - a cursed ring of teleportation {unknown}
Scrolls
 b - 2 scrolls of amnesia {unknown}
 c - 2 scrolls of magic mapping {unknown}
 d - 3 scrolls of teleportation {unknown}
 e - 4 scrolls of identify {unknown}
 k - a scroll of random uselessness {unknown}
Potions
 g - 2 potions of invisibility {unknown}
 i - a potion of curing {@q1}
 j - 2 potions of flight {unknown}
 l - a potion of lignification {unknown}
 n - a potion of agility {unknown}
Comestibles
 a - 7 rations
 m - 7 chunks of flesh

Dungeon Overview and Level Annotations

Branches:
Dungeon (5/15)
 Temple: D:4-7

Altars:
Nemelex Xobeh
Okawaru
Ru

Annotations:
D:5 Dowan, Duvessa

▒...▒ ▒... ▒..▒▒▒▒▒
... ▒......▒ ...
▒▒)▒....▒ ▒.▒
▒))▒....▒
▒)▒▒▒.▒▒....▒
▒.▒...▒▒....▒
▒.▒.▒▒.d....▒
▒▒▒▒.▒.▒..▒e▒▒▒▒
▒.<..)...▒▒h▒▒▒▒▒
▒........▒▒.▒▒▒e....▒
>....▒▒▒▒▒▒▒.▒
▒.....▒ .▒▒. ▒.▒
▒.....▒ ▒ ..▒ ▒...†.▒
.▒▒ ▒.....▒
..h........▒


You could see Duvessa (berserk), Dowan and a howler monkey.


Message History

The centaur zombie is severely damaged.
The centaur zombie hits you.
Use which ability? (? or * to list)
You gain the combat prowess of a mighty hero.
The centaur zombie barely misses you.
You hit the centaur zombie.
The centaur zombie is almost destroyed.
Duvessa rages.
The centaur zombie closely misses you.
You hit the centaur zombie but do no damage.
You tail-slap the centaur zombie.
You destroy the centaur zombie!
Okawaru accepts your kill.
You completely miss Duvessa.
Duvessa hits you with a +1 rapier of protection!
* * * LOW HITPOINT WARNING * * *
Dowan throws and catches a handful of magical flame, then smirks.
The howler monkey hoots and howls with incredible vigour!
You hear a shout!
You hear a shout!
You hear a shout!
You closely miss Duvessa.
Duvessa hits you with a +1 rapier of protection!!
* * * LOW HITPOINT WARNING * * *
It was a potion of curing.
Duvessa hits you with a +1 rapier of protection!
* * * LOW HITPOINT WARNING * * *
Duvessa closely misses you.
Duvessa hits you with a +1 rapier of protection!
You die...

Action                   |  1- 3 |  4- 6 || total
-------------------------+-------+-------++-------
Melee: Unarmed           |   123 |   158 ||   281
       Tailslap          |    18 |    20 ||    38
       Punch             |       |     2 ||     2
Invok: Heroism           |       |     2 ||     2
  Use: Potion            |       |     2 ||     2
 Stab: Sleeping          |     6 |     4 ||    10
       Invisible         |       |     1 ||     1
       Paralysed         |       |     1 ||     1
  Eat: Chunk             |     2 |     6 ||     8
Armor: Skin              |    28 |    28 ||    56
Dodge: Dodged            |    50 |    96 ||   146

Levels and vault maps discovered:
D:1:      dpeg_arrival_brainrot, layout_rooms
D:2:      layout_loops_cross, old_standard_altar
D:3:      layout_basic, nicolae_ru_great_annihilating_truth,
          okawaru_altar_gauntlet_db
D:4:      layout_basic, serial_bayou_crossing
D:5:      layout_rooms, tso_altar, lemuel_crystal_altar, kennysheep_little_box,
          basic_altar, first_ration, uniq_duvessa, uniq_ijyb,
          uniq_blork_the_orc, uniq_menkaure

Notes
Turn   | Place    | Note
-------+----------+-------------------------------------------
     0 | D:1      | sanka the Draconian Monk began the quest for the Orb.
     0 | D:1      | Reached XP level 1. HP: 19/19 MP: 1/1
   294 | D:1      | Reached XP level 2. HP: 26/26 MP: 2/2
   466 | D:1      | Reached skill level 4 in Unarmed Combat
   820 | D:2      | Reached XP level 3. HP: 25/31 MP: 3/3
  1372 | D:2      | Found a sparkling altar of Nemelex Xobeh.
  1383 | D:2      | Reached XP level 4. HP: 28/38 MP: 4/4
  1439 | D:2      | Reached skill level 5 in Unarmed Combat
  2091 | D:3      | Found a sacrificial altar of Ru.
  2359 | D:3      | Found an iron altar of Okawaru.
  2368 | D:3      | Became a worshipper of Warmaster Okawaru
  2368 | D:3      | Reached * piety under Okawaru
  2368 | D:3      | Reached ** piety under Okawaru
  2910 | D:4      | Reached skill level 1 in Invocations
  2910 | D:4      | Reached XP level 5. HP: 43/45 MP: 4/6
  2958 | D:4      | Noticed an ogre
  2964 | D:4      | Killed an ogre
  2964 | D:4      | Reached skill level 6 in Unarmed Combat
  2964 | D:4      | Reached skill level 2 in Invocations
  3087 | D:4      | Reached XP level 6. HP: 44/51 MP: 6/8
  3187 | D:5      | Entered Level 5 of the Dungeon
  3213 | D:5      | Reached skill level 3 in Invocations
  3263 | D:5      | Noticed Duvessa
  3263 | D:5      | Noticed Dowan
  3280 | D:5      | HP: 3/51 [Duvessa/+1 rapier of protection (18)]
  3281 | D:5      | HP: 1/51 [Duvessa/+1 rapier of protection (12)]
  3282 | D:5      | Slain by Duvessa

Vanquished Creatures
  An ogre (D:4)
  2 howler monkeys
  A bullfrog zombie (D:5)
  A centaur zombie (D:5)
  An orc wizard (D:5)
  A bullfrog skeleton (D:4)
  A gnoll (D:3)
  2 adders (D:2)
  An adder skeleton (D:4)
  3 worms
  A dart slug (D:1)
  3 leopard geckos
  10 orcs
  6 giant cockroaches
  4 goblins
  12 hobgoblins
  2 jackals
  8 kobolds
  2 quokkas
  3 ball pythons
  3 bats
  6 frilled lizards
  6 rats
80 creatures vanquished.
